 Dungeon Crawl Stone Soup version 0.22.1-2-g9c5b331 (webtiles) character file.

156 aMcNicky the Sneak (level 5, 0/42 HPs)
             Began as a Kobold Enchanter on Nov 12, 2018.
             Succumbed to an adder's poison
             ... on level 3 of the Dungeon.
             The game lasted 00:18:31 (3684 turns).

aMcNicky the Sneak (Kobold Enchanter)               Turns: 3684, Time: 00:18:32

Health: 0/42       AC: 22    Str:  8 (11) XL:     5   Next: 65%
Magic:  1/8        EV:  3    Int: 13 (16) God:
Gold:   80         SH:  0    Dex: 14 (16) Spells: 1/8 levels left

rFire    . . .     SeeInvis .   a - +1 dagger
rCold    . . .     Gourm    .   (shield restricted)
rNeg     + + +     Faith    .   (armour currently unavailable)
rPois    +         Spirit   .   (helmet currently unavailable)
rElec    .         Reflect  .   (cloak currently unavailable)
rCorr    .         Harm     .   (gloves currently unavailable)
MR       .....     NoTele   +   (boots currently unavailable)
Stlth    +++.......             (no amulet)
HPRegen  0.14/turn              (no ring)
MPRegen  0.11/turn              (no ring)

@: mighty, lethally poisoned (0 -> -4), tree-form, very slightly contaminated
A: small, carnivore
a: no special abilities


You were on level 3 of the Dungeon.
You were very full.
You were a tree.
You visited 1 branch of the dungeon, and saw 3 of its levels.

You collected 80 gold pieces.

Inventory:

Hand Weapons
 a - a +1 dagger (weapon)
 n - a +0 short sword
 o - a +0 short sword
Missiles
 c - 20 poisoned needles
Armour
 b - a +0 robe (melded)
 j - a cursed +0 pair of gloves (melded)
 p - a +0 leather armour
Scrolls
 e - a scroll of fear {unknown}
 g - a scroll of blinking
 h - 2 scrolls of identify {@r1}
 k - 2 scrolls of teleportation {unknown}
 q - a scroll of enchant armour {unknown}
Comestibles
 d - 5 rations {@e1}
 r - 2 chunks of flesh


   Skills:
 + Level 4.5 Short Blades
 - Level 2.4 Dodging
 + Level 5.0 Stealth
 - Level 2.1 Spellcasting
 + Level 3.7 Hexes
 + Level 1.8 Ice Magic


You had one spell level left.
You knew the following spells:

 Your Spells              Type           Power        Failure   Level  Hunger
a - Corona                Hex            ##.....      5%          1    ##.....
b - Ensorcelled Hibernat  Hex/Ice        #.....       12%         2    ###....
c - Confuse               Hex            ##......     16%         3    ####...
d - Confusing Touch       Hex            ##....       5%          1    ##.....

Your spell library contained the following spells:

 Spells                   Type           Power        Failure   Level  Hunger
 Tukima's Dance           Hex            ##......     16%         3    ####...
 Dazzling Spray           Conj/Hex       #.....       34%         3    ####...
 Gell's Gravitas          Tloc           #.........   58%         3    ####...
 Metabolic Englaciation   Hex/Ice        #.........   91%         5    ######.
 Petrify                  Tmut/Erth      #.......     94%         4    #####..
 Yara's Violent Unravell  Hex/Tmut       #.........   97%         5    ######.


Dungeon Overview and Level Annotations

Branches:
Dungeon (3/15)

Altars:


Innate Abilities, Weirdness & Mutations

You are small and have problems with some larger weapons.
You are carnivorous and can eat meat at any time.


Message History

The adder is almost dead.
The adder closely misses you. The jackal barely misses you.
The jackal closely misses you. The jackal completely misses you.
The adder bites you.
* * * LOW HITPOINT WARNING * * *
You are lethally poisoned!
The adder poisons you!
It was a potion of lignification.
You turn into a tree.
Your cursed +0 pair of gloves melds into your body.
Your +0 robe melds into your body.
Your roots penetrate the ground.
* * * LOW HITPOINT WARNING * * *
You feel sick. The jackal bites you.
* * * LOW HITPOINT WARNING * * *
The adder bites you but does no damage.
You puncture the adder!
You kill the adder!
The jackal bites you but does no damage.
You hit the jackal.
The jackal is moderately wounded.
You die...

#.# #.# #.# #.#
#)# #.# ##.## #÷#
#...#.# ##.##
......##### #...#
#..)####..?.##.#.#
##.## ......#....#
#.# 8...8...8.♣#
..# ..#...#..hh#
### ##.###...# #..
#....# ...8)..8.!#
.S#.=.#....#
.###.###.### #..
... .. ..8


You could see 2 jackals.

Vanquished Creatures
  A crimson imp (D:2)
  A hound skeleton (D:3)
  4 adders
  2 worms (D:2)
  A leopard gecko (D:2)
  3 orcs
  A giant cockroach (D:1)
  7 hobgoblins
  4 jackals
  2 quokkas
  9 bats
  6 frilled lizards
  7 goblins
  5 kobolds
  18 rats
71 creatures vanquished.

Notes
Turn   | Place    | Note
-------+----------+-------------------------------------------
     0 | D:1      | aMcNicky the Kobold Enchanter began the quest for the Orb.
     0 | D:1      | Reached XP level 1. HP: 10/10 MP: 3/3
   153 | D:1      | Reached XP level 2. HP: 14/15 MP: 5/5
   607 | D:1      | Learned a level 2 spell: Ensorcelled Hibernation
   859 | D:1      | Reached XP level 3. HP: 19/19 MP: 6/6
  1548 | D:2      | Reached skill level 1 in Ice Magic
  1548 | D:2      | Reached XP level 4. HP: 24/24 MP: 7/7
  2794 | D:2      | Reached XP level 5. HP: 28/28 MP: 3/8
  3132 | D:3      | Learned a level 3 spell: Confuse
  3134 | D:3      | Learned a level 1 spell: Confusing Touch
  3610 | D:3      | Reached skill level 5 in Stealth
  3682 | D:3      | HP: 1/42 [jackal (2)]
  3684 | D:3      | Succumbed to an adder's poison

Skill      XL: |  1  2  3  4  5 |
---------------+----------------+-----
Short Blades   | 2 3 4 |  4.5
Ice Magic      | 1 |  1.8
Stealth        | 5 |  5.0
Dodging        | |  2.4
Spellcasting   | |  2.1
Hexes          | |  3.7

Action                   |  1- 3 |  4- 6 || total
-------------------------+-------+-------++-------
Melee: Dagger            |   105 |   121 ||   226
 Cast: Corona            |     3 |     1 ||     4
       Ensorcelled Hiber |    10 |    45 ||    55
       Confusing Touch   |       |     1 ||     1
  Use: Scroll            |       |     3 ||     3
       Potion            |       |     4 ||     4
 Stab: Sleeping          |    11 |    24 ||    35
  Eat: Chunk             |    12 |     9 ||    21
Armor: Robe              |    13 |    23 ||    36
       Skin              |       |     2 ||     2
Dodge: Dodged            |    57 |   119 ||   176
